[Event "Frauenbundesliga 2024-25"]
[Site "Germany"]
[Date "2024.11.16"]
[Round "1.9"]
[White "Mammadzada, Gunay"]
[Black "Ziegenfuss, Antonia"]
[Result "1-0"]
[Annotator "TA"]
[ECO "B90"]
[WhiteElo "2417"]
[BlackElo "2187"]
[PlyCount "77"]
[EventDate "2024.11.06"]
[EventType "team-tourn"]
[EventCountry "GER"]
[SourceTitle "playchess.com"]
[Source "ChessBase"]
[SourceQuality "1"]
[TimeControl "40/5400+30:1800+30"]

1. e4 c5 2. Nf3 d6 3. d4 cxd4 4. Nxd4 Nf6 5. Nc3 a6 6. Bd3 e5 7. Nde2 Nc6 8. O-O Be7 9. Nd5 Nxd5 {The position is equal.} 10. exd5 Nb4 11. Bc4 Qc7 12. Bb3 {[%emt 0:00:30] a3 would now be deadly.} a5 13. c3 Na6 14. Bc2 O-O 15. h3 Nc5 16. Be3 f5 17. f4 g6 18. Qd2 b5 19. Rad1 Bb7 {[#]} (19... e4 $11 {keeps the balance.}) 20. Kh2 $2 (20. fxe5 $1 $16 {aiming for e6.} dxe5 21. b4) 20... Rad8 ({Black should try} 20... Bf6 $15) 21. g4 {[%emt 0:00:30] gxf5 is the strong threat.} Bc8 {[#]} (21... exf4 $11 22. Nxf4 g5) 22. gxf5 $1 $16 Bxf5 23. Bxf5 Rxf5 24. Ng3 Rf7 25. f5 {[%emt 0:00:30] And now fxg6 would win.} (25. fxe5 {is interesting.} Rxf1 26. Rxf1 dxe5 27. Qf2) 25... Rdf8 {Loses the game.} (25... Bh4 $16 {is a better defense.} 26. Qg2 Kh8) 26. Bh6 $18 Bh4 {White must now prevent ...Bxg3+.} 27. Qg2 Bxg3+ 28. Qxg3 Rxf5 ({Not} 28... Ne4 $2 29. Qg2 Nf6 30. fxg6 $18) (28... Qe7 $142 29. Bxf8 Qxf8) 29. Bxf8 Rxf8 30. Rxf8+ Kxf8 {[%mdl 4096] Endgame. KQR-KQN} 31. Rf1+ Kg8 32. Qg4 b4 $2 (32... Qd7 {was necessary.} 33. Qf3 Qf5 34. Qxf5 gxf5 35. Rxf5 Kg7) 33. cxb4 axb4 34. Qxb4 Kg7 (34... Nd3 $142 35. Qc3 Qxc3 36. bxc3 Nc5) 35. Qh4 Qb7 36. b4 Na6 37. Qf6+ {[%emt 0:00:30] White mates.} Kh6 38. Qf8+ Kh5 39. Qxd6 {[%emt 0:00:30] Weighted Error Value: White=0.16 (very precise) /Black=0.76.  Mistake:       	White=1     	Black=7      Inaccurate:     	White=1     	Black=2      OK:         	White=9     	Black=10     Best:        	White=4     	---        Strong:       	White=1     	---} 1-0

[Event "Frauenbundesliga 2024-25"]
[Site "Germany"]
[Date "2024.11.16"]
[Round "1.9"]
[White "Peglau, Dora"]
[Black "Koepke, Elena"]
[Result "1-0"]
[Annotator "RC"]
[ECO "D02"]
[WhiteElo "2102"]
[BlackElo "2237"]
[PlyCount "69"]
[EventDate "2024.11.06"]
[EventType "team-tourn"]
[EventCountry "GER"]
[SourceTitle "playchess.com"]
[Source "ChessBase"]
[SourceQuality "1"]
[TimeControl "40/5400+30:1800+30"]

1. Nf3 d5 2. d4 Nf6 3. g3 Bf5 4. Bg2 e6 5. Nh4 c6 6. Nxf5 exf5 7. O-O Bd6 8. c4 dxc4 9. Nd2 O-O 10. Nxc4 Bc7 11. Qb3 Bb6 12. Rd1 Nbd7 13. Nd6 Qe7 14. Bf4 Qxe2 15. Bf3 Qa6 16. Nxf5 Rfe8 17. Nd6 Re6 18. Re1 Nf8 19. Be5 Rd8 20. Be2 Qa5 21. Nxb7 Qd2 22. Nxd8 Bxd8 23. Rad1 Qh6 24. h4 Ba5 25. Bf4 Qg6 26. Bd3 Qg4 27. Rxe6 fxe6 28. Rc1 Nd5 29. Be5 Bb6 30. Qd1 Qxd1+ 31. Rxd1 Nd7 32. Rc1 Nxe5 33. dxe5 c5 34. Bc4 Kf7 35. Rd1 1-0

[Event "Frauenbundesliga 2024-25"]
[Site "Germany"]
[Date "2024.11.16"]
[Round "1.10"]
[White "Fuchs, Judith"]
[Black "Hejazipour, Mitra"]
[Result "1/2-1/2"]
[Annotator "RC"]
[ECO "B13"]
[WhiteElo "2225"]
[BlackElo "2309"]
[PlyCount "38"]
[EventDate "2024.11.06"]
[EventType "team-tourn"]
[EventCountry "GER"]
[SourceTitle "playchess.com"]
[Source "ChessBase"]
[SourceQuality "1"]
[TimeControl "40/5400+30:1800+30"]

1. d4 Nf6 2. Bf4 d5 3. e3 c5 4. Nf3 Nc6 5. Nbd2 Bg4 6. c3 cxd4 7. exd4 e6 8. Qb3 Qc8 9. Bd3 Be7 10. O-O O-O 11. Qc2 Bf5 12. Bxf5 exf5 13. Bg5 h6 14. Bxf6 Bxf6 15. Qb3 Qd7 16. Rfe1 Rfe8 17. Rxe8+ Rxe8 18. Re1 Re6 19. Qc2 g5 1/2-1/2

[Event "Frauenbundesliga 2024-25"]
[Site "Germany"]
[Date "2024.11.16"]
[Round "1.10"]
[White "Nebolsina, Vera"]
[Black "Peglau, Mirjam"]
[Result "1-0"]
[Annotator "RC"]
[ECO "C01"]
[WhiteElo "2201"]
[BlackElo "1964"]
[PlyCount "55"]
[EventDate "2024.11.06"]
[EventType "team-tourn"]
[EventCountry "GER"]
[SourceTitle "playchess.com"]
[Source "ChessBase"]
[SourceQuality "1"]
[TimeControl "40/5400+30:1800+30"]

1. e4 e6 2. d4 d5 3. exd5 exd5 4. Nf3 Nf6 5. Bd3 Bd6 6. Qe2+ Qe7 7. Qxe7+ Bxe7 8. Bf4 c6 9. O-O O-O 10. Re1 Re8 11. h3 Nbd7 12. Nbd2 b6 13. a4 Bb7 14. a5 c5 15. Bb5 a6 16. Bxd7 Nxd7 17. axb6 Nxb6 18. dxc5 Bxc5 19. Nb3 Rec8 20. Nxc5 Rxc5 21. Re7 Bc6 22. Be3 Rb5 23. Nd4 Rc5 24. Rxa6 Rxa6 25. Nxc6 h6 26. Bxc5 Na4 27. Nb4 Ra5 28. Bd4 1-0

[Event "Frauenbundesliga 2024-25"]
[Site "Germany"]
[Date "2024.11.16"]
[Round "1.11"]
[White "Zatonskih, Anna"]
[Black "Rogozenco, Teodora"]
[Result "1/2-1/2"]
[Annotator "RC"]
[ECO "D11"]
[WhiteElo "2303"]
[BlackElo "2012"]
[PlyCount "104"]
[EventDate "2024.11.06"]
[EventType "team-tourn"]
[EventCountry "GER"]
[SourceTitle "playchess.com"]
[Source "ChessBase"]
[SourceQuality "1"]
[TimeControl "40/5400+30:1800+30"]

1. d4 d5 2. c4 c6 3. Nf3 Nf6 4. Qc2 g6 5. Bf4 Bf5 6. Qb3 Qb6 7. e3 Na6 8. Nc3 Nb4 9. Rc1 dxc4 10. Bxc4 Nd3+ 11. Bxd3 Qxb3 12. axb3 Bxd3 13. Ne5 Ba6 14. Nc4 Bg7 15. Be5 O-O 16. f3 Bh6 17. Kf2 Nd5 18. Nxd5 cxd5 19. Na3 f6 20. Bf4 Bxf4 21. exf4 Rac8 22. Rc3 Rc6 23. Rxc6 bxc6 24. Rc1 Rc8 25. Rc5 Bd3 26. Ke3 Bf5 27. Kd2 Rb8 28. Kc3 Rb6 29. Ra5 a6 30. g4 Bc8 31. Nc2 h5 32. h3 h4 33. Ne1 Kf7 34. Nd3 Ke6 35. b4 Kd6 36. Ra1 Rb5 37. Kb3 Rb8 38. Ra5 Ra8 39. Kc3 Rb8 40. Ra1 Rb5 41. Ra3 Rb8 42. Ra1 Ra8 43. Ra5 Ra7 44. Ra1 Rd7 45. Nc5 Rc7 46. Nd3 Ra7 47. Ra5 Rd7 48. Ra1 Rd8 49. Re1 Re8 50. Re3 Bd7 51. Re1 Bc8 52. Re3 Bd7 1/2-1/2

[Event "Frauenbundesliga 2024-25"]
[Site "Germany"]
[Date "2024.11.16"]
[Round "1.11"]
[White "Just, Anita"]
[Black "Jelica, Mara"]
[Result "0-1"]
[Annotator "NA RC"]
[ECO "B84"]
[WhiteElo "1920"]
[BlackElo "2064"]
[PlyCount "116"]
[EventDate "2024.11.06"]
[EventType "team-tourn"]
[EventCountry "GER"]
[SourceTitle "playchess.com"]
[Source "ChessBase"]
[SourceQuality "1"]
[TimeControl "40/5400+30:1800+30"]

1. e4 c5 2. Nf3 d6 3. d4 cxd4 4. Nxd4 Nf6 5. Nc3 a6 6. Be2 e6 7. a4 Be7 8. O-O Nc6 9. Kh1 Qc7 10. f4 O-O 11. Bf3 Bd7 12. g4 Nxd4 13. Qxd4 e5 14. Qd1 Bc6 15. g5 Nd7 16. f5 Rfe8 17. Bg2 Bf8 18. Qh5 g6 19. Qf3 gxf5 20. Qxf5 Nc5 21. Nd5 Bxd5 22. exd5 Qd7 23. Qf2 Re7 24. Qh4 b6 25. Ra3 Bg7 26. b4 Nxa4 27. Be4 Qb5 28. Qxh7+ Kf8 29. Qf5 Qxb4 30. g6 Nc3 31. Rxc3 Qxc3 32. Bg5 Rb7 33. Qe6 f6 34. Bxf6 Bxf6 35. Qxf6+ Kg8 36. Qe6+ Kg7 37. Rf7+ Rxf7 38. Qxf7+ Kh6 39. Qf2 Kg7 40. Qf7+ Kh6 41. Qf2 Qa1+ 42. Kg2 Qd1 43. h3 Qh5 44. Kh2 Qg5 45. Kh1 Qf4 46. Qg2 Kg7 47. Bd3 b5 48. Qe2 Rh8 49. Kg2 Rh4 50. c3 e4 51. Bc2 Qf3+ 52. Qxf3 exf3+ 53. Kg3 Rc4 54. h4 Rxc3 55. Bf5 b4 56. h5 b3 57. Kg4 f2 58. Kg5 Rg3+ 0-1

[Event "Frauenbundesliga 2024-25"]
[Site "Germany"]
[Date "2024.11.16"]
[Round "1.12"]
[White "Sickmann, Lisa"]
[Black "Heinemann, Josefine"]
[Result "1/2-1/2"]
[Annotator "RC"]
[ECO "B93"]
[WhiteElo "2123"]
[BlackElo "2314"]
[PlyCount "52"]
[EventDate "2024.11.06"]
[EventType "team-tourn"]
[EventCountry "GER"]
[SourceTitle "playchess.com"]
[Source "ChessBase"]
[SourceQuality "1"]
[TimeControl "40/5400+30:1800+30"]

1. e4 c5 2. Nf3 d6 3. d4 cxd4 4. Nxd4 Nf6 5. Nc3 a6 6. f4 e5 7. Nb3 Be7 8. fxe5 dxe5 9. Qxd8+ Bxd8 10. Be3 Nbd7 11. Be2 b6 12. O-O-O Bb7 13. Bf3 Bc7 14. g4 h6 15. h4 O-O-O 16. g5 hxg5 17. hxg5 Rxh1 18. Rxh1 Ne8 19. Bg4 Nd6 20. Rh7 Nxe4 21. Rxg7 Nd6 22. Na4 Nc4 23. Bf2 Bc6 24. Be2 Bd5 25. Nc3 Be6 26. g6 Rf8 1/2-1/2

[Event "Frauenbundesliga 2024-25"]
[Site "Germany"]
[Date "2024.11.16"]
[Round "1.12"]
[White "Noppes, Marina"]
[Black "Peglau, Sarah"]
[Result "0-1"]
[Annotator "NA RC"]
[ECO "D11"]
[WhiteElo "1952"]
[BlackElo "1859"]
[PlyCount "126"]
[EventDate "2024.11.06"]
[EventType "team-tourn"]
[EventCountry "GER"]
[SourceTitle "playchess.com"]
[Source "ChessBase"]
[SourceQuality "1"]
[TimeControl "40/5400+30:1800+30"]

1. d4 d5 2. Nf3 Nf6 3. g3 Bf5 4. Bg2 c6 5. O-O Nbd7 6. Nbd2 e6 7. c4 Bd6 8. b3 O-O 9. Bb2 Qe7 10. Ne5 Ne4 11. Nxe4 Bxe4 12. f3 Bg6 13. Nxg6 hxg6 14. cxd5 cxd5 15. e4 Nb6 16. a3 Qd7 17. Rc1 a5 18. a4 Bb4 19. Rf2 Rfc8 20. Rfc2 Rxc2 21. Rxc2 Rc8 22. Bf1 Rxc2 23. Qxc2 Qc6 24. Bd3 Qxc2 25. Bxc2 Kf8 26. Kf2 Ke7 27. Ke2 Kd6 28. Bd3 Na8 29. exd5 exd5 30. Kd1 Nc7 31. Kc2 Ke6 32. Bc1 Kf6 33. Bf1 Ne6 34. Kd3 Be1 35. Be3 Ke7 36. f4 Bb4 37. Bg2 Nc7 38. g4 Ke6 39. Bf2 f5 40. h3 Ne8 41. Bf3 Nd6 42. Be3 Ne8 43. Be2 Nf6 44. Bf3 Kd6 45. Be2 Kc6 46. Kc2 Ne4 47. Bb5+ Kd6 48. Be8 fxg4 49. hxg4 Nf6 50. Bxg6 Nxg4 51. Bg1 Ke6 52. Bh5 Kf5 53. Bf7 Nf6 54. Be3 Bd6 55. Bd2 b6 56. b4 axb4 57. Kb3 Ke4 58. Bxb4 Bxf4 59. Bc3 g5 60. Kb4 g4 61. Be1 g3 62. Bxg3 Bxg3 63. Kb5 Bc7 0-1

[Event "Frauenbundesliga 2024-25"]
[Site "Germany"]
[Date "2024.11.17"]
[Round "2.1"]
[White "Javakhishvili, Lela"]
[Black "Peglau, Charis"]
[Result "1-0"]
[Annotator "TA"]
[ECO "D11"]
[WhiteElo "2422"]
[BlackElo "2131"]
[PlyCount "57"]
[EventDate "2024.11.06"]
[EventType "team-tourn"]
[EventCountry "GER"]
[SourceTitle "playchess.com"]
[Source "ChessBase"]
[SourceQuality "1"]
[TimeControl "40/5400+30:1800+30"]

1. d4 d5 2. Nf3 Nf6 3. g3 Bf5 4. c4 c6 5. Nc3 e6 6. Nh4 Bg6 7. Qb3 Qc8 (7... Qb6 $11) 8. Bg2 {[%emt 0:02:17] White is slightly better.} Be7 9. O-O Nbd7 10. Nxg6 hxg6 11. Bf4 Nb6 12. cxd5 exd5 13. a4 Nh5 14. Bc1 {[%emt 0:00:44] White is more active. A strong pair of Bishops.} Rb8 15. a5 Na8 (15... Nd7 $16 16. e4 dxe4 17. Nxe4 O-O) 16. Re1 $18 O-O 17. e4 dxe4 18. Bxe4 Bd6 19. Bxg6 Nf6 (19... Qh3 $142 20. Bg5 (20. Ne4 Nf4 $18) 20... Nc7) 20. Ne4 Nxe4 {[%emt 0:00:56] [#]} (20... Qd8 21. Nxd6 Qxd6) 21. Rxe4 ({Not} 21. Bxe4 Nc7 22. Bd2 Qg4 $18) 21... Qd8 22. Rh4 Be7 23. Bh7+ Kh8 24. Rh3 {[%emt 0:00:29] [#] Threatening mate with Qf3.} Nc7 25. Qf3 g6 26. Bxg6+ {[%emt 0:00:35] White mates.} Kg7 27. Be4 f5 28. Bxf5 Ne6 29. Bh6+ {[%emt 0:01:18] Black got outplayed after the opening.   Weighted Error Value: White=0.09 (flawless) /Black=0.55.  Mistake:       	---       	Black=4      Inaccurate:     	---       	Black=2      OK:         	White=5     	Black=2      Best:        	White=2     	---} 1-0

[Event "Frauenbundesliga 2024-25"]
[Site "Germany"]
[Date "2024.11.17"]
[Round "2.1"]
[White "Antolak, Julia"]
[Black "Paehtz, Elisabeth"]
[Result "1-0"]
[Annotator "RC"]
[ECO "B32"]
[WhiteElo "2312"]
[BlackElo "2456"]
[PlyCount "53"]
[EventDate "2024.11.06"]
[EventType "team-tourn"]
[EventCountry "GER"]
[SourceTitle "playchess.com"]
[Source "ChessBase"]
[SourceQuality "1"]
[TimeControl "40/5400+30:1800+30"]

1. e4 c5 2. Nf3 Nc6 3. d4 cxd4 4. Nxd4 e5 5. Nb5 d6 6. a4 Be6 7. N5c3 Nf6 8. Bg5 Be7 9. Bxf6 Bxf6 10. Nd5 O-O 11. Bc4 Rc8 12. O-O Nb4 13. Na3 Nxd5 14. Bxd5 Qb6 15. b3 Rfd8 16. Nc4 Qd4 17. Bxe6 fxe6 18. Qg4 Kf7 19. Rad1 Qc5 20. Rd3 Rc6 21. Rfd1 d5 22. Qh5+ Kg8 23. exd5 e4 24. dxc6 Qxh5 25. Rxd8+ Bxd8 26. Rxd8+ Kf7 27. c7 1-0

[Event "Frauenbundesliga 2024-25"]
[Site "Germany"]
[Date "2024.11.17"]
[Round "2.2"]
[White "Wagner, Dinara"]
[Black "Schulze, Lara"]
[Result "1-0"]
[Annotator "TA"]
[ECO "D24"]
[WhiteElo "2437"]
[BlackElo "2275"]
[PlyCount "61"]
[EventDate "2024.11.06"]
[EventType "team-tourn"]
[EventCountry "GER"]
[SourceTitle "playchess.com"]
[Source "ChessBase"]
[SourceQuality "1"]
[TimeControl "40/5400+30:1800+30"]

1. d4 Nf6 2. c4 e6 3. Nf3 d5 4. Nc3 dxc4 5. e4 b5 6. e5 Nd5 7. Nxb5 Nb6 8. Be2 {[%emt 0:00:00] White is slightly better.} Nc6 9. O-O Be7 10. Rb1 Rb8 11. b3 cxb3 12. Rxb3 Bb7 13. Re1 h6 14. h4 g5 15. h5 a6 16. Na3 Qd5 (16... g4 17. Nh2 $14) (16... Nb4 $11) 17. Nc2 $16 Na5 18. Ne3 Qc6 (18... Qd7 $142) 19. Rb1 {[%emt 0:00:30] Threatens to win with Bd2.} Nac4 {[%emt 0:00:00][%mdl 8192] Loses the game.} (19... Qd7 $16 20. Ng4 Qd8 21. Nf6+ Bxf6) 20. Nxc4 (20. d5 Nxe3 21. dxc6 (21. Bxe3 Qxd5 22. Qc2 Qc6 $11) 21... Nxd1 22. cxb7 (22. Rxb6 cxb6 23. cxb7 Nc3 $17) 22... Nc3 $16) 20... Nxc4 {[%emt 0:00:00] [#]} 21. d5 $1 exd5 (21... Qxd5 22. Qa4+) 22. Nd4 Qc5 23. Nf5 Qc6 $2 (23... O-O 24. Bf1 (24. Nxh6+ Kh8 $18) 24... Kh8) 24. Bf1 $18 {[%emt 0:00:30] White is clearly winning.} Bc5 {[%emt 0:00:00] [#]} 25. e6 $1 O-O (25... fxe6 26. Rxe6+) 26. Nxh6+ Kh7 27. Nxf7 {[%emt 0:00:30] Threatening mate with Qc2+.} Rxf7 28. Qd3+ Kh8 29. exf7 Qf6 30. Re8+ Kg7 31. Qg6+ {[%emt 0:00:30] Weighted Error Value: White=0.07 (flawless) /Black=0.58.  Loses game:     	---       	Black=1      Mistake:       	---       	Black=3      Inaccurate:     	White=2     	---        OK:         	White=6     	Black=6      Best:        	White=2     	---        Brilliant:      	White=1     	---} ({Worse is} 31. Rxb8 Qxf2+ 32. Kh2 Qg1+ 33. Kh3 Qh1+ 34. Kg4 (34. Kg3 {leads to mate.} Qh4+ 35. Kf3 Qf2+ 36. Kg4 Ne5+ 37. Kxg5 Qf6#) 34... Ne5+ 35. Kf5 Nxd3 $11) (31. f8=R $142 Bxf8 32. Rxb8) 1-0

[Event "Frauenbundesliga 2024-25"]
[Site "Germany"]
[Date "2024.11.17"]
[Round "2.2"]
[White "Roessler, Ulrike"]
[Black "Bulmaga, Irina"]
[Result "0-1"]
[Annotator "TA"]
[ECO "B90"]
[WhiteElo "2059"]
[BlackElo "2401"]
[PlyCount "132"]
[EventDate "2024.11.06"]
[EventType "team-tourn"]
[EventCountry "GER"]
[SourceTitle "playchess.com"]
[Source "ChessBase"]
[SourceQuality "1"]
[TimeControl "40/5400+30:1800+30"]

1. e4 c5 2. Nf3 d6 3. d4 cxd4 4. Nxd4 Nf6 5. Nc3 a6 6. Be3 e5 7. Nf3 Be7 8. Bc4 O-O 9. O-O Be6 10. Bb3 h6 11. Qe2 Qc7 12. Rfd1 Nbd7 13. Nh4 Rfe8 14. Nf5 Bf8 15. Qf3 Kh7 16. Nd5 Nxd5 17. exd5 Bxf5 18. Qxf5+ Kg8 19. c3 g6 20. Qh3 h5 21. Qg3 Bg7 22. f4 (22. Rac1 $11) 22... exf4 23. Bxf4 Be5 24. h3 Re7 25. Kh1 Rae8 26. Rf1 Qc5 27. Rad1 Bxf4 28. Qxf4 f5 29. Qg3 Kh7 (29... Kf7 $17 {and ...Re2 should not be overlooked} 30. Bc2 Re5) 30. Bc2 Re5 31. Rd4 Nf6 (31... Rxd5 32. Bb3 Rxd4 33. cxd4 $18) ({Black should try} 31... Qb5 $15 32. Rdf4 Qxb2) 32. Qg5 $1 $11 Rf8 (32... Nxd5 $2 33. Bxf5 Rxf5 (33... gxf5 $2 34. Rh4 $18) 34. Rxf5 Re1+ 35. Kh2 gxf5 36. Qxf5+ (36. Qxh5+ Kg7 $11) 36... Kh6 37. Qxd5 (37. Rxd5 $2 Qg1+ 38. Kg3 Re3+ $19) (37. Qf8+ Kh7 $18) 37... Qxd5 38. Rxd5 $18) (32... Ne4 $5 33. Bxe4 Rxe4 $16) 33. Qd2 (33. g4 $11 Rxd5 (33... hxg4 34. hxg4 Ne4 35. Bxe4 $14) 34. gxf5 Rxd4 35. fxg6+ Kg7 36. Qxc5 dxc5 37. cxd4 cxd4 38. Kg2) 33... Rxd5 (33... Nxd5 34. b4 Qc6 35. Be4 fxe4 (35... Qb5 $2 36. c4 $18) 36. Rxf8 $14) 34. Rxd5 Qxd5 35. Qxd5 Nxd5 36. Be4 Ne3 (36... fxe4 $2 {too greedy.} 37. Rxf8 Ne3 38. Rf7+ Kh6 39. Rxb7 $18) 37. Rf3 (37. Rf4 $15) 37... d5 $1 $17 38. Bd3 Re8 39. Kh2 Kg7 40. Rf4 Re7 (40... a5 $17 41. Rd4 Re5) 41. Rb4 $15 g5 42. c4 $2 ({White should try} 42. Rb6 $15) 42... dxc4 $19 43. Bxc4 a5 44. Ra4 Rd7 45. Be6 $2 (45. Be2 Rd2 46. Bxh5 Nxg2 (46... Rxb2 $2 47. Bf3 $19) (46... Rxg2+ $2 47. Kh1 $19) 47. Kh1) 45... Rd2 $19 46. Rxa5 Kf6 47. Bc8 Rxg2+ 48. Kh1 Rxb2 49. Ra7 b6 50. a4 Ke5 51. a5 bxa5 52. Rxa5+ Kf4 53. Ra3 g4 54. hxg4 hxg4 55. Ra4+ Kg3 56. Ra1 f4 57. Rg1+ Kh4 58. Re1 Rd2 59. Ba6 Rd1 60. Rxd1 Nxd1 61. Kg2 f3+ 62. Kf1 g3 63. Kg1 Ne3 64. Kh1 g2+ 65. Kg1 Kg3 66. Bb7 f2# 0-1

[Event "Frauenbundesliga 2024-25"]
[Site "Germany"]
[Date "2024.11.17"]
[Round "2.3"]
[White "Atalik, Ekaterina"]
[Black "Peglau, Dora"]
[Result "1-0"]
[Annotator "TA"]
[ECO "D35"]
[WhiteElo "2399"]
[BlackElo "2102"]
[PlyCount "71"]
[EventDate "2024.11.06"]
[EventType "team-tourn"]
[EventCountry "GER"]
[SourceTitle "playchess.com"]
[Source "ChessBase"]
[SourceQuality "1"]
[TimeControl "40/5400+30:1800+30"]

1. d4 Nf6 2. c4 e6 3. Nc3 d5 4. cxd5 Nxd5 5. e4 Nxc3 6. bxc3 c5 7. Rb1 Nd7 8. Nf3 cxd4 9. cxd4 Be7 10. Bd3 b6 11. O-O Bb7 12. Bf4 {[%emt 0:09:21] White is more active.} O-O 13. Qe2 Rc8 14. Rb3 Nf6 15. Bb1 Qd7 16. Rd1 Rfd8 17. Bg5 Qe8 18. e5 ({Better is} 18. Bd3 $11) 18... Nd7 (18... Nd5 $15 19. Qe4 g6) 19. Bf4 (19. Bxe7 $11 Qxe7 20. Kh1) 19... Bd5 $15 20. Re3 Nf8 21. h4 Bxf3 (21... Qa4 $17 22. h5 Rc4) 22. Rxf3 $11 Qa4 23. Be3 f5 (23... Ng6 $11 {remains equal.}) 24. exf6 Bxf6 25. Rg3 Bxd4 $2 (25... Bxh4 $11 26. Rg4 Bf6) 26. Qg4 $2 (26. Bxd4 $18 Rxd4 27. Rxg7+ Kxg7 28. Qe5+ Kg8 29. Rxd4 (29. Qxd4 $2 Qxd4 30. Bxh7+ Nxh7 $19)) 26... h5 27. Rxd4 $18 hxg4 28. Rxa4 $40 {[%emt 0:00:04][%mdl 128] White attacks with force.} Rd1+ 29. Kh2 Rxb1 30. Raxg4 ({But not} 30. Rxa7 Rc4 $16) 30... g6 31. h5 Rc2 (31... Rb5 $16) 32. hxg6 Rxa2 $2 (32... Rb5 {was necessary.} 33. Rh3 Rc7) 33. Bd4 {[%emt 0:02:20] Rh4 would kill now.} Ra5 34. Rh4 {[%emt 0:00:54][%csl Gd4][%cal Rh4h8] Inhibits Rh5.} e5 35. g7 Nh7 {[%emt 0:00:44] [#]} 36. Rxh7 $1 1-0

[Event "Frauenbundesliga 2024-25"]
[Site "Germany"]
[Date "2024.11.17"]
[Round "2.3"]
[White "Lach, Aleksandra"]
[Black "Mammadzada, Gunay"]
[Result "0-1"]
[Annotator "TA"]
[ECO "C47"]
[WhiteElo "2210"]
[BlackElo "2417"]
[PlyCount "180"]
[EventDate "2024.11.06"]
[EventType "team-tourn"]
[EventCountry "GER"]
[SourceTitle "playchess.com"]
[Source "ChessBase"]
[SourceQuality "1"]
[TimeControl "40/5400+30:1800+30"]

1. e4 e5 2. Nf3 Nc6 3. g3 Nf6 4. d3 d5 5. exd5 Nxd5 6. Bg2 Bc5 7. O-O O-O 8. Nc3 Nxc3 9. bxc3 Re8 {[%emt 0:06:42] C47: Scotch Four Knights and Four Knights with 4 g3.} 10. Ng5 h6 11. Ne4 Bf8 12. Rb1 Rb8 $146 ({Predecessor:} 12... f5 13. Nd2 Qf6 14. Bb2 b6 15. c4 Bd7 16. f4 Bc5+ 17. Kh1 Bd4 18. fxe5 Bxe5 {½-½ Lortkipanidze,N (2407)-Chigladze,I (2335) GEO-ch 1st League 81st 2021 (8)}) 13. Re1 Be6 14. a4 Qd7 15. Be3 b6 16. f4 f5 17. Nf2 Bd5 18. Qh5 Bxg2 19. Kxg2 Re7 20. g4 Qd5+ 21. Kf1 exf4 22. Bxf4 Qf3 23. Bd2 fxg4 24. Qxg4 Qf6 25. Qf4 Qxf4 26. Bxf4 Rf7 27. Bg3 Rd8 28. Re6 Bd6 29. Bxd6 cxd6 30. Kg2 Ne7 31. Rbe1 Nf5 32. Re8+ Rxe8 33. Rxe8+ Kh7 34. Ne4 d5 35. Nd2 Rc7 36. c4 dxc4 37. Nxc4 Nd4 38. c3 Nb3 39. Kf3 Nc5 40. Nb2 Kg6 41. c4 Kf7 42. Re1 Rd7 43. Rf1 Ke7 (43... Nxd3 $2 {too greedy.} 44. Nxd3 Ke7 (44... Rxd3+ $2 45. Ke4+ Ke8 46. Kxd3 $18) 45. Ke4 $18) 44. Ke3 Ne6 45. Nd1 Rd4 46. Nc3 Rh4 47. Rf2 Rh3+ 48. Kd2 g5 49. Re2 ({Better is} 49. Ne4 $15) 49... Kd7 $17 50. Nd5 Kd6 51. Ne3 (51. Kc3 $17 {keeps fighting.}) 51... Nf4 $1 $19 52. Nf5+ Kc6 53. Re7 Rxd3+ (53... Rxh2+ 54. Kc3 $11) 54. Kc2 Rh3 55. Rxa7 Rxh2+ 56. Kc3 Rh3+ (56... g4 $1 $19 {[%cal Og4g3] aiming for ...g3!} 57. Kb4 Rb2+ 58. Kc3 Rf2) 57. Kd4 $15 g4 58. Ke4 Ne6 59. Ke5 Nf8 60. Rg7 h5 61. Rg8 (61. Ne7+ $1 $11 {remains equal.} Kc5 62. Nd5 Kxc4 63. Nxb6+ Kb4 64. Nd5+ Kxa4 65. Nf4) 61... Nd7+ $17 62. Kd4 Kc7 63. Rg5 Nc5 64. Rg7+ Nd7 65. Rg5 Rh1 66. Ne3 Nc5 67. Rg7+ {[%emt 0:00:48] [#]} Kd6 ({Black should try} 67... Kd8 $1 $17 {...Ne6+ is the strong threat.} 68. Kd5 Nxa4) 68. Rg6+ $1 $11 Ne6+ 69. Ke4 Re1 70. a5 $2 (70. Rh6 $11 {and White has nothing to worry.}) 70... bxa5 $19 71. c5+ $2 (71. Rh6) 71... Ke7 $1 $19 (71... Kxc5 72. Rxe6 h4 73. Kf4 $11) 72. c6 a4 73. Rh6 a3 74. Rh7+ Kd6 75. Ra7 g3 (75... Kxc6 76. Rxa3 Rh1 77. Ra6+ Kd7 78. Kf5 $17) 76. Kd3 Kxc6 (76... Nf4+ $142 77. Kd4 Kxc6 78. Rxa3 h4 79. Ra6+ Kd7 80. Ra7+ Ke6 81. Ra6+ Kf7) 77. Rxa3 h4 78. Ra6+ Kd7 79. Ra7+ Kd8 (79... Nc7 $142 80. Kd2 h3 81. Kxe1 h2) 80. Ra8+ {[%emt 0:00:14] [#]} Kc7 $1 81. Ra7+ Kb8 82. Rh7 Nf4+ 83. Kd4 g2 84. Rh8+ Kc7 85. Rh7+ Kd8 86. Rh8+ Kd7 87. Nxg2 Nxg2 88. Rh6 Ke7 89. Kd3 Kf7 90. Kd2 Re5 0-1

[Event "Frauenbundesliga 2024-25"]
[Site "Germany"]
[Date "2024.11.17"]
[Round "2.4"]
[White "Hejazipour, Mitra"]
[Black "Koehler, Inken"]
[Result "1-0"]
[Annotator "RC"]
[ECO "E90"]
[WhiteElo "2309"]
[BlackElo "2043"]
[PlyCount "55"]
[EventDate "2024.11.06"]
[EventType "team-tourn"]
[EventCountry "GER"]
[SourceTitle "playchess.com"]
[Source "ChessBase"]
[SourceQuality "1"]
[TimeControl "40/5400+30:1800+30"]

1. d4 Nf6 2. c4 d6 3. Nf3 Nbd7 4. Nc3 e5 5. e4 g6 6. Be2 Bg7 7. Be3 c6 8. d5 c5 9. Nd2 O-O 10. g4 Kh8 11. h4 Ng8 12. g5 f6 13. Nf3 Nb6 14. gxf6 Qxf6 15. Ng5 Bh6 16. Qd2 Bd7 17. O-O-O Rab8 18. Rdg1 Na8 19. h5 gxh5 20. Rxh5 Be8 21. Rh2 Bg6 22. Nxh7 Bxh7 23. Bxh6 Nxh6 24. Rxh6 Qe7 25. Rgh1 Rf7 26. Bh5 Rbf8 27. Bg6 Rxf2 28. Rxh7+ 1-0